 Dungeon Crawl Stone Soup version 0.31-a0-986-g5e6e4ef867 (webtiles) character file.

Game seed: 17936031809651313510

1620 wildpjah the Covered (level 8, -2/59 (62) HPs)
             Began as a Demonspawn Gladiator on Nov 18, 2023.
             Was a Believer of Qazlal.
             Slain by a wight
             ... wielding a +0 battleaxe
              (8 damage)
             ... on level 6 of the Dungeon.
             The game lasted 00:16:34 (5222 turns).

wildpjah the Covered (Demonspawn Gladiator)         Turns: 5222, Time: 00:16:35

HP:   -2/59 (62)    AC: 11    Str: 21    XL:     8   Next: 64%
MP:   8/8           EV: 10    Int: 10    God:    Qazlal [**....]
Gold: 335           SH:  2    Dex: 18    Spells: 7/7 levels left

rFire   . . .        z - +2 short sword (drain)
rCold   . . .        (no shield)
rNeg    . . .        t - +0 chain mail
rPois   .            (helmet restricted)
rElec   .            (no cloak)
rCorr   .            r - +0 pair of gloves
SInv    .            (no boots)
Will    .....        (no amulet) Stlth
                     K - +6 ring of strength
HPRegen 0.29/turn    (no ring)
MPRegen 0.11/turn

%: no passive effects
@: lightly drained
A: antennae 2, thin skeletal structure 1, foul stench 1, spiny 1
a: Renounce Religion, Upheaval


You were on level 6 of the Dungeon.
You worshipped Qazlal.
Qazlal was pleased with you.
You visited 1 branch of the dungeon, and saw 6 of its levels.

You collected 335 gold pieces.

Inventory:

Hand Weapons
 a - a +0 long sword
 g - a +1 dagger of venom
 n - the +9 sling of the Old World {heavy, rC+}
   (You found it on level 2 of the Dungeon)

   rC+:       It protects you from cold.
 z - a +2 short sword of draining (weapon)
Armour
 b - a +0 leather armour
 c - a +0 helmet
 r - a +0 pair of gloves (worn)
 t - a +0 chain mail (worn)
Jewellery
 i - a ring of resist corrosion
 K - a +6 ring of strength (left hand)
Wands
 v - a wand of acid (10)
 H - a wand of flame (20)
 I - a wand of iceblast (8)
Scrolls
 e - a scroll of noise {unknown}
 f - a scroll of enchant armour {unknown}
 h - 5 scrolls of identify {unknown}
 j - a scroll of fear {unknown}
 k - 4 scrolls of teleportation {unknown}
 m - a scroll of immolation {unknown}
 p - a scroll of brand weapon {unknown}
 s - a scroll of vulnerability {unknown}
 u - a scroll of amnesia {unknown}
 y - 3 scrolls of blinking {unknown}
 C - 2 scrolls of enchant weapon {unknown}
 D - 2 scrolls of revelation {unknown}
 G - a scroll of torment {unknown}
Potions
 l - 5 potions of might {unknown}
 o - a potion of degeneration {unknown}
 q - 3 potions of lignification {unknown}
 w - 3 potions of haste {unknown}
 x - a potion of resistance {unknown}
 A - 2 potions of invisibility {unknown}
 B - 2 potions of enlightenment {unknown}
 E - 4 potions of curing {unknown}
 F - a potion of ambrosia {unknown}
 J - a potion of berserk rage {unknown}


   Skills:
 * Level 5.2 Fighting
 + Level 1.3(2.7) Short Blades
 + Level 3.7(3.9) Long Blades
 + Level 5.3 Ranged Weapons
 - Level 1.7 Throwing
 * Level 5.4 Armour
 + Level 3.7 Dodging
 + Level 0.1 Stealth
 + Level 0.3 Shields


You had 7 spell levels left.
You didn't know any spells.
Your spell library contained the following spells:

 Spells                   Type           Power      Damage    Failure   Level
 Necrotise                Necr           0%         1d4       94%         1
 Blink                    Tloc           0%         N/A       98%         2
 Lesser Beckoning         Tloc           0%         N/A       98%         2
 Momentum Strike          Conj/Tloc      0%         3d8       98%         2
 Gell's Gravitas          Tloc           0%         N/A       100%        3
 Teleport Other           Tloc           0%         N/A       100%        3
 Vampiric Draining        Necr           0%         2d6       100%        3
 Agony                    Necr           0%         N/A       100%        5
 Conjure Ball Lightning   Conj/Air       0%         3x3d6     100%        6
 Dispersal                Tloc           0%         N/A       100%        6
 Discord                  Hex            0%         N/A       100%        8
 Disjunction              Tloc           0%         N/A       100%        8


Dungeon Overview and Level Annotations

Branches:
Dungeon (6/15)
 Temple: D:4-7

Altars:
Ashenzari
Kikubaaqudgha
Qazlal
Sif Muna
Uskayaw
Vehumet
Wu Jian
Yredelemnul

Shops:
D:3 *   D:6 *


Innate Abilities, Weirdness & Mutations

You have a pair of antennae on your head.
You have a somewhat thin skeletal structure. (Dex +2, Stealth+)
You may rarely emit foul miasma when damaged in melee.
You are partially covered in sharp spines.


Message History

The wight is heavily damaged.
The wight struggles against the net.
You hit the wight but do no damage.
The wight is heavily damaged.
The wight struggles against the net.
You hit the wight but do no damage.
The wight is heavily damaged.
The wight struggles against the net.
You hit the wight but do no damage.
The wight is heavily damaged.
The wight struggles against the net.
The net rips apart, and the wight comes free!
You hit the wight but do no damage.
The wight is heavily damaged.
You barely miss the wight.
The wight is heavily damaged.
The wight closely misses you.
You barely miss the wight.
The wight is heavily damaged.
The wight barely misses you.
You barely miss the wight.
The wight is heavily damaged.
The wight is struck by your spines. The wight closely misses you.
The wight attacks as it pursues you! The wight barely misses you.
The wight attacks as it pursues you! The wight closely misses you.
The wight attacks as it pursues you! The wight is struck by your spines.
The wight barely misses you. The wight attacks as it pursues you!
The wight is struck by your spines. The wight hits you with a +0 battleaxe.
* * * LOW HITPOINT WARNING * * *
Aiming: Upheaval
Press: ? - help, Dir - move target, f/p - wight
Aim: a wight, wielding a +0 battleaxe and wearing a +0 robe (almost destroyed)
Okay, then.
A wight is nearby!
Your +1 dagger of venom stops dripping with poison.
You sense an unholy aura.
z - a +2 short sword of draining (weapon)
The wight hits you with a +0 battleaxe!
You die...

####### #.....#
#.....# ######
#.....#
#....######....#
+....#...##....#
#....#...##..@.#
#....#....ā€
..zā—‹#
#....######...ā—‹#
####....#...##....#
....#'###...##....#
....+.............#
....#.............#
....#..##...##....#
....#####+####....#


You could see a wight.

Vanquished Creatures
  Duvessa (D:5)
  3 black bears
  2 ogres
  A scorpion (D:6)
  Dowan (D:5)
  3 wights (D:6)
  2 electric eels (D:6)
  2 howler monkeys
  4 hounds
  A jelly (D:5)
  Crazy Yiuf (D:5)
  A gnoll bouda (D:3)
  2 iguanas (D:5)
  Terence (D:2)
  A sleepcap (D:4)
  2 orc wizards
  10 adders
  7 gnolls
  A white imp (D:3)
  2 ufetubi (D:6)
  5 worms
  12 dart slugs
  10 orcs
  5 bats
  5 endoplasms
  5 giant cockroaches
  3 hobgoblins (D:1)
  5 jackals
  4 quokkas
  6 ball pythons
  4 frilled lizards
  5 goblins
  7 kobolds
  3 rats
127 creatures vanquished.

Notes
Turn   | Place    | Note
-------+----------+-------------------------------------------
     0 | D:1      | wildpjah the Demonspawn Gladiator began the quest for the
                  | Orb.
     0 | D:1      | Reached XP level 1. HP: 16/16 MP: 1/1
   128 | D:1      | Gained mutation: You are partially covered in sharp spines.
                  | [demonic ancestry]
   128 | D:1      | Reached XP level 2. HP: 21/22 MP: 2/2
   612 | D:2      | Gained mutation: You have a pair of small antennae on your
                  | head. [demonic ancestry]
   612 | D:2      | Reached XP level 3. HP: 23/28 MP: 3/3
   705 | D:2      | Identified the +9 sling of the Old World {heavy, rC+}
   762 | D:2      | Noticed Terence
   775 | D:2      | HP: 1/28 [Terence/+0 flail (3)]
   786 | D:2      | Killed Terence
   787 | D:2      | Reached skill level 1 in Armour
   787 | D:2      | Gained mutation: You may rarely emit foul miasma when
                  | damaged in melee. [demonic ancestry]
   787 | D:2      | Reached XP level 4. HP: 4/34 MP: 4/4
  1483 | D:3      | Found Fahenn's General Store.
  1560 | D:3      | Gained mutation: You have a pair of antennae on your head.
                  | [demonic ancestry]
  1560 | D:3      | Reached XP level 5. HP: 36/40 MP: 5/5
  1653 | D:3      | Found a shimmering blue altar of Sif Muna.
  1659 | D:3      | Found a stormy altar of Qazlal.
  1659 | D:3      | Found a basalt altar of Yredelemnul.
  1662 | D:3      | Found an ornate altar of the Wu Jian Council.
  1673 | D:3      | Became a worshipper of Qazlal Stormbringer
  1783 | D:3      | Reached skill level 1 in Ranged Weapons
  1835 | D:3      | Gained mutation: You have a somewhat thin skeletal
                  | structure. (Dex +2, Stealth+) [demonic ancestry]
  1835 | D:3      | Reached XP level 6. HP: 39/47 MP: 6/6
  2472 | D:4      | Found a radiant altar of Vehumet.
  2559 | D:4      | Noticed a +0 dagger
  2560 | D:4      | Noticed a +0 short sword
  2563 | D:4      | Noticed a +0 dagger
  2564 | D:4      | Noticed a +0 short sword
  2564 | D:4      | Noticed a +0 spear
  2564 | D:4      | Noticed a +0 falchion
  2565 | D:4      | Noticed a +0 falchion
  2565 | D:4      | Noticed a +0 spear
  2579 | D:4      | Found a hide-covered altar of Uskayaw.
  2585 | D:4      | Reached * piety under Qazlal
  3368 | D:4      | Found a broken altar of Ashenzari.
  3456 | D:5      | Entered Level 5 of the Dungeon
  3467 | D:5      | Reached XP level 7. HP: 22/54 MP: 7/7
  3616 | D:5      | Reached skill level 1 in Short Blades
  3826 | D:5      | Noticed Duvessa
  3827 | D:5      | Noticed Dowan
  3830 | D:5      | Killed Duvessa
  3837 | D:5      | Killed Dowan
  4105 | D:5      | Found a runed translucent door.
  4106 | D:5      | Noticed Crazy Yiuf
  4113 | D:5      | Killed Crazy Yiuf
  4114 | D:5      | Reached XP level 8. HP: 57/61 MP: 8/8
  4463 | D:5      | Found an ancient bone altar of Kikubaaqudgha.
  4765 | D:6      | Reached skill level 5 in Fighting
  5068 | D:6      | Reached skill level 5 in Armour
  5182 | D:6      | Found Nyekkoom's Lightly-Used Armoury.
  5185 | D:6      | Reached skill level 5 in Ranged Weapons
  5197 | D:6      | Reached ** piety under Qazlal
  5222 | D:6      | Slain by a wight

Illustrated notes

Levels and vault maps discovered:
D:1:      ldierk_walled_garden_2, layout_loops_ring,
          nicolae_kite_square_tiling_tiny
D:2:      layout_loops_ring, uniq_terence
D:3:      layout_basic, grunt_temple_overflow_open, serial_shops,
          nicolae_shop_crystal
D:4:      layout_basic, nicolae_uskayaw_en_pointe,
          nicolae_overflow_crystal_walls, mainiacjoe_overflow_six_doors_small,
          lemuel_coloured_pillars_altar, hangedman_decor_opposing
D:5:      layout_cave_pods, kiku_gazebo_garden_becter, uniq_duvessa,
          uniq_crazy_yiuf_cottage
D:6:      kennysheep_slugbush, layout_gridville, minmay_hedge_maze,
          minmay_shop_damaged, uniq_grinder

Skill      XL: |  1  2  3  4  5  6  7  8 |
---------------+-------------------------+-----
Long Blades    | 3 |  3.7
Dodging        | 3 |  3.7
Armour         | 1 2 3 4 5 |  5.4
Fighting       | 3 4 5 |  5.2
Ranged Weapons | 1 3 4 5 |  5.3
Short Blades   | 1 |  1.3
Throwing       | |  1.7
Stealth        | |  0.1
Shields        | |  0.3

Action                     |  1- 3 |  4- 6 |  7- 9 || total
---------------------------+-------+-------+-------++-------
  Melee: Long sword        |    36 |       |       ||    36
         Dagger            |    11 |    65 |    71 ||   147
         Punch             |       |     1 |     1 ||     2
   Fire: Sling             |    11 |    72 |    56 ||   139
  Throw: Throwing net      |       |     2 |     2 ||     4
 Armour: Leather armour    |    26 |    13 |       ||    39
         Chain mail        |       |    63 |    86 ||   149
  Dodge: Dodged            |    34 |    60 |    47 ||   141
  Block: Buckler           |     5 |       |       ||     5
         Other             |       |       |     3 ||     3

Table legend: (Time is in decaauts)
 A = Elapsed time spent in this place.
 B = Non-inter-level travel time spent in this place.
 C = Inter-level travel time spent in this place.
 D = Time resting spent in this place.
 E = Time spent auto-exploring this place.
 F = Levels seen in this place.
 G = Mean time per level.
                   A        B        C        D        E       F      G
               +--------+--------+--------+--------+--------+-----+--------+
         Total |   5373 |   5108 |    265 |    111 |   4056 |   6 |  895.5 |
       Dungeon |   5373 |   5108 |    265 |    111 |   4056 |   6 |  895.5 |
               +--------+--------+--------+--------+--------+-----+--------+

Top non-repeatable levels by time:
     D:5: 1221 daAuts
     D:4: 1178 daAuts
     D:3: 923 daAuts
     D:2: 843 daAuts
     D:1: 616 daAuts
     D:6: 590 daAuts
